 Dungeon Crawl Stone Soup version 0.31-a0-18-gea43df2a32 (webtiles) character file.

Game seed: 11217980838136710002

1189 Dittersdorf the Trooper (level 8, -9/52 HPs)
             Began as a Gargoyle Fighter on May 10, 2023.
             Was a Follower of Okawaru.
             Mangled by Joseph
             ... wielding a +0 quarterstaff
              (16 damage)
             ... in the Ecumenical Temple.
             The game lasted 00:05:33 (5035 turns).

Dittersdorf the Trooper (Gargoyle Fighter)          Turns: 5035, Time: 00:05:34

Health: -9/52      AC: 22    Str: 22    XL:     8   Next: 43%
Magic:  8/8        EV:  7    Int:  9    God:    Okawaru [*.....]
Gold:   108        SH: 10    Dex:  9    Spells: 7/7 levels left

rFire   . . .        a - +1 flail
rCold   . . .        k - +1 kite shield
rNeg    + . .        o - +0 chain mail
rPois   ∞            n - +0 helmet
rElec   +            e - +0 cloak
rCorr   .            (no gloves)
SInv    .            (no boots)
Will    .....        (no amulet) Stlth
                     f - +4 ring of protection
HPRegen 0.28/turn    (no ring)
MPRegen 0.11/turn

%: no passive effects
@: mighty
A: sickness immunity, AC +5, negative energy resistance 1, electricity
resistance, torment resistance 1, petrification resistance
a: Renounce Religion, Heroism


You were in the Ecumenical Temple.
You worshipped Okawaru.
Okawaru was aware of your devotion.
You visited 2 branches of the dungeon, and saw 8 of its levels.

You collected 108 gold pieces.

Inventory:

Hand Weapons
 a - a +1 flail (weapon)
Missiles
 r - 9 poisoned darts (quivered)
Armour
 e - a +0 cloak (worn)
 k - a +1 kite shield (worn)
 n - a +0 helmet (worn)
 o - a +0 chain mail (worn)
Jewellery
 f - a +4 ring of protection (left hand)
Scrolls
 b - 2 scrolls of teleportation
 v - 2 scrolls of poison
Potions
 c - 4 potions of lignification {unknown}
 g - 3 potions of curing {unknown}
 h - 2 potions of ambrosia {unknown}
 i - 3 potions of degeneration {unknown}
 m - 2 potions of brilliance {unknown}
 q - a potion of attraction {unknown}
 s - a potion of haste {unknown}
 t - a potion of magic {unknown}
 u - a potion of flight
 x - 2 potions of heal wounds


   Skills:
 + Level 6.3 Fighting
 + Level 5.2 Maces & Flails
 + Level 6.2 Armour
 + Level 6.3 Shields


You had 7 spell levels left.
You didn't know any spells.
Your spell library contained the following spells:

 Spells                   Type           Power      Damage    Failure   Level
 Beastly Appendage        Tmut           0%         N/A       99%         1
 Wereblood                Tmut           0%         N/A       100%        2
 Gell's Gravitas          Tloc           0%         N/A       100%        3
 Spider Form              Tmut/Pois      0%         N/A       100%        3
 Teleport Other           Tloc           0%         N/A       100%        3
 Dispersal                Tloc           0%         N/A       100%        6


Dungeon Overview and Level Annotations

Branches:
Dungeon (8/15)             Temple (1/1) D:7
   Lair: D:8-11

Altars:
Gozag
Makhleb
Okawaru
Qazlal
Ru
Uskayaw
Xom
Yredelemnul
Zin

Annotations:
D:3 2 transporters, IdlyInterested's ghost, amateur DsWn
Temple Joseph


Innate Abilities, Weirdness & Mutations

You are immune to sickness and miasma.
Your stone body is resilient. (AC +5)
You are immune to poison.
You resist negative energy. (rN+)
You are resistant to electric shocks. (rElec)
You are resistant to unholy torment.
You are immune to petrification.


Message History

You start resting.
HP restored.
You climb upwards.
Welcome back to the Dungeon!
Level annotation: Joseph Joseph shoots a sling bullet.
You block the sling bullet.
There is a staircase to the Ecumenical Temple here.
Joseph unwields a +0 sling.
Joseph wields a +0 quarterstaff.
Joseph hits you with a +0 quarterstaff.
You climb downwards.
Welcome back to the Ecumenical Temple!
There is a staircase back to the Dungeon here.
Throw: 12 darts (poison)
Press: ? - help, Q - select action, (/) - cycle Shift-Dir - straight line, f - Joseph
Aim: Joseph, wielding a +0 quarterstaff and wearing a +0 leather armour (57% to hit)
You throw a poisoned dart. The poisoned dart barely misses Joseph.
Joseph hits you with a +0 quarterstaff!
Throw: 11 darts (poison)
Press: ? - help, Q - select action, (/) - cycle Shift-Dir - straight line, f/p - Joseph
Aim: Joseph, wielding a +0 quarterstaff and wearing a +0 leather armour (57% to hit)
You throw a poisoned dart. The poisoned dart hits Joseph.
Joseph hits you with a +0 quarterstaff!
Throw: 10 darts (poison)
Press: ? - help, Q - select action, (/) - cycle Shift-Dir - straight line, f/p - Joseph
Aim: Joseph, wielding a +0 quarterstaff and wearing a +0 leather armour (57% to hit)
You throw a poisoned dart. The poisoned dart hits Joseph.
Joseph is poisoned.
Joseph completely misses you.
You feel very mighty all of a sudden. Joseph hits you but does no damage.
You sock Joseph!
Joseph is moderately wounded.
Joseph hits you with a +0 quarterstaff!
* * * LOW HITPOINT WARNING * * *
You block Joseph's attack.
You hit Joseph.
Joseph is moderately wounded.
Joseph hits you with a +0 quarterstaff.
* * * LOW HITPOINT WARNING * * *
You sock Joseph!
Joseph is heavily wounded.
Joseph hits you with a +0 quarterstaff!
You die...

###'### ###.....###
+#.........#
##...........
#.....###....
#######....#####...
##...##....#+...+#..
#.....#...##.....##.
#(@@..'...##.._..###
#.[[..#...##.....##.
##...##....#'...+#..
#######....#####...
#.....###....
#####...........
##...'#.........#
#.....###.....###
#.._..# ###'### #


You could see Joseph (poisoned).

Vanquished Creatures
  A steam dragon (Temple)
  Menkaure (Temple)
  An orc warrior (Temple)
  A sky beast (Temple)
  An ice beast (Temple)
  A black bear (D:4)
  2 phantoms
  A scorpion (D:5)
  A howler monkey (D:4)
  A hound (D:4)
  A jelly (D:4)
  Jessica (D:3)
  2 iguanas
  A sleepcap (D:8)
  Terence (D:2)
  Robin (D:2)
  5 adders
  2 dart slugs
  5 orcs
  6 ball pythons
  9 endoplasms
  3 giant cockroaches
  14 goblins
  10 hobgoblins
  A quokka (D:1)
  3 bats
  3 frilled lizards
  5 kobolds
  3 rats
87 creatures vanquished.

Vanquished Creatures (others)
  An orc (D:7)
1 creature vanquished.

Grand Total: 88 creatures vanquished

Notes
Turn   | Place    | Note
-------+----------+-------------------------------------------
     0 | D:1      | Dittersdorf the Gargoyle Fighter began the quest for the
                  | Orb.
     0 | D:1      | Reached XP level 1. HP: 14/14 MP: 1/1
   251 | D:1      | Reached XP level 2. HP: 14/19 MP: 2/2
   943 | D:1      | Found a faded altar of an unknown god.
  1154 | D:2      | Noticed Robin
  1169 | D:1      | Reached XP level 3. HP: 24/24 MP: 3/3
  1204 | D:2      | Killed Robin
  1302 | D:2      | Noticed Terence
  1310 | D:2      | Killed Terence
  1311 | D:2      | Reached XP level 4. HP: 29/29 MP: 4/4
  2190 | D:3      | Found an opulent altar of Gozag.
  2191 | D:3      | Found an opulent altar of Gozag.
  2206 | D:3      | Found an opulent altar of Gozag.
  2229 | D:3      | Found a transporter.
  2235 | D:3      | Found a transporter.
  2246 | D:3      | Identified the +3 spear of Quick Death {elec, rF+}
  2264 | D:3      | Noticed IdlyInterested's ghost (amateur DsWn)
  2280 | D:3      | Noticed Jessica
  2292 | D:3      | Killed Jessica
  2293 | D:3      | Reached XP level 5. HP: 26/33 MP: 5/5
  2428 | D:3      | Found an opulent altar of Gozag.
  3050 | D:4      | Reached XP level 6. HP: 6/39 MP: 6/6
  3280 | D:4      | Found a glowing silver altar of Zin.
  3906 | D:4      | Noticed a black bear
  3921 | D:4      | Killed a black bear
  3922 | D:4      | Reached skill level 5 in Fighting
  3922 | D:4      | Reached skill level 5 in Armour
  3922 | D:4      | Reached skill level 5 in Shields
  3922 | D:4      | Reached XP level 7. HP: 32/44 MP: 7/7
  4021 | D:5      | Entered Level 5 of the Dungeon
  4192 | D:5      | Identified the +7 trident of Impeachment {heavy, Drain Fly
                  | rN+ Will- Str+5}
  4250 | D:5      | You fall into a shaft and drop 3 floors!
  4274 | D:7      | Noticed Menkaure
  4274 | D:7      | Found a staircase to the Ecumenical Temple.
  4282 | Temple   | Entered the Ecumenical Temple
  4410 | Temple   | Became a worshipper of Warmaster Okawaru
  4440 | D:7      | Noticed a steam dragon
  4510 | Temple   | Killed Menkaure
  4510 | Temple   | Reached * piety under Okawaru
  4511 | Temple   | Reached XP level 8. HP: 10/51 MP: 8/8
  4706 | D:7      | Noticed Joseph
  4734 | Temple   | Reached skill level 5 in Maces & Flails
  5035 | Temple   | Mangled by Joseph

Illustrated notes

Levels and vault maps discovered:
D:1:      matt_arrival_refuge, layout_loops_corners,
          dreamdust_ecumenical_altar_statues
D:2:      layout_basic, minivault_25, uniq_robin, uniq_terence
D:3:      kennysheep_big_flooded_room, layout_loops_ring,
          nicolae_gozag_conspicuous_consumption, gammafunk_ghost_gnarly_gnolls,
          uniq_jessica
D:4:      layout_gridville, mainiacjoe_overflow_alcove_1, uniq_sigmund
D:5:      nicolae_cairo_tiling, layout_loops_ring, grunt_ashenzari_visionary
          [grunt_ashenzari_visionary_shoals, grunt_ashenzari_visionary_spider],
          nicolae_elemental_shop, uniq_grinder
D:7:      layout_basic, mainiacjoe_overflow_six_doors_small,
          minmay_temple_entry_statues_fountains, serial_corexii_hall,
          corexii_hall_statues_i, corexii_hall_statues_u, uniq_joseph,
          uniq_prince_ribbit1, uniq_menkaure
D:8:      layout_basic, mainiacjoe_overflow_brackets
Temple:   nicolae_temple_figure_eight

Skill      XL: |  1  2  3  4  5  6  7  8 |
---------------+-------------------------+-----
Fighting       | 4 5 6 |  6.3
Shields        | 4 5 6 |  6.3
Armour         | 4 5 6 |  6.2
Maces & Flails | 3 4 5 |  5.2

Action                     |  1- 3 |  4- 6 |  7- 9 || total
---------------------------+-------+-------+-------++-------
  Melee: Flail             |    87 |   183 |    97 ||   367
  Throw: Dart              |       |       |     3 ||     3
    Use: Scroll            |       |       |     7 ||     7
         Potion            |       |       |     2 ||     2
 Armour: Scale mail        |    54 |       |       ||    54
         Chain mail        |       |   160 |    62 ||   222
  Dodge: Dodged            |    43 |    75 |    23 ||   141
  Block: Buckler           |     7 |       |       ||     7
         Kite shield       |    25 |    93 |    57 ||   175

Table legend: (Time is in decaauts)
 A = Elapsed time spent in this place.
 B = Non-inter-level travel time spent in this place.
 C = Inter-level travel time spent in this place.
 D = Time resting spent in this place.
 E = Time spent auto-exploring this place.
 F = Levels seen in this place.
 G = Mean time per level.
                   A        B        C        D        E       F      G
               +--------+--------+--------+--------+--------+-----+--------+
         Total |   5182 |   4919 |    263 |   1025 |   2946 |   8 |  647.8 |
       Dungeon |   4437 |   4202 |    235 |    575 |   2827 |   7 |  633.9 |
        Temple |    745 |    717 |     28 |    450 |    119 |   1 |  745.0 |
               +--------+--------+--------+--------+--------+-----+--------+

Top non-repeatable levels by time:
     D:1: 1219 daAuts
     D:4: 1208 daAuts
     D:3: 926 daAuts
     D:2: 914 daAuts
  Temple: 745 daAuts
     D:5: 95 daAuts
     D:7: 48 daAuts
     D:8: 24 daAuts
